 Dungeon Crawl Stone Soup version 0.29-a0-609-gb56f46d856 (webtiles) character file.

Game seed: 5954449354110284886

25633 Querens the Blocker (level 13, -6/116 HPs)
             Began as a Meteoran Fighter on June 16, 2022.
             Was the Champion of Okawaru.
             Killed from afar by an acid dragon (20 damage)
             ... with a splash of acid
             ... on level 10 of the Dungeon.
             The game lasted 00:30:50 (7313 turns).

Querens the Blocker (Meteoran Fighter)              Turns: 7313, Time: 00:30:50

Health: -6/116     AC: 25    Str: 24    XL:     13   Next: 89%
Magic:  18/20      EV: 24    Int: 12    God:    Okawaru [******]
Gold:   43         SH: 10    Dex: 28    Spells: 12/12 levels left

rFire   . . .      SeeInvis .   A - +3 war axe "Foduqumm" {speed, *Rage rC+ Str+2 Int+3}
rCold   + + .      Faith    +   c - +0 buckler
rNeg    + . .      Spirit   .   U - +1 pearl dragon scales "Cuviuh" {rPois rC+ rN+}
rPois   +          Reflect  .   x - +0 helmet
rElec   .          Harm     .   R - +2 cloak
rCorr   .          Rampage  .   v - +0 pair of gloves {hurl}
Will    +....      Rage     20% (no boots)
Stlth   +.........              E - amulet of faith
HPRegen 0.29/turn               p - +6 ring of dexterity
MPRegen 0.17/turn               B - +6 ring of dexterity

@: heroic, finesse-ful, on berserk cooldown, slowed, glowing, bezotted, very
slow
A: sense surroundings 2, otherworldly, glowing, explore regen
a: Renounce Religion, Heroism, Finesse, Duel


You were on level 10 of the Dungeon.
You worshipped Okawaru.
Okawaru was exalted by your worship.
You visited 3 branches of the dungeon, and saw 13 of its levels.

You collected 1405 gold pieces.
You spent 1362 gold pieces at shops.

Inventory:

Hand Weapons
 A - the +3 war axe "Foduqumm" (weapon) {speed, *Rage rC+ Str+2 Int+3}
   (You bought it in a shop on level 2 of the Dungeon)

   Attacks with this weapon are significantly faster.
   Str:       It affects your strength (+2).
   Int:       It affects your intelligence (+3).
   rC:        It protects you from cold.
   *Rage:     It berserks you when you make melee attacks (+20% chance).
 W - a +0 broad axe of freezing
Missiles
 C - a curare-tipped dart (quivered)
 K - 4 throwing nets
Armour
 c - a +0 buckler (worn)
 k - the +0 leather armour "Musuwno" {rElec Int+4 Slay+5 SInv}
   (You found it on level 4 of the Dungeon)

   Int:       It affects your intelligence (+4).
   Slay:      It affects your accuracy & damage with ranged weapons and melee
   (+5).
   rElec:     It insulates you from electricity.
   SInv:      It lets you see invisible.
 v - a +0 pair of gloves of hurling (worn)
 x - a +0 helmet (worn)
 D - a scarf of repulsion
 G - +0 acid dragon scales
 R - a +2 cloak (worn)
 U - the +1 pearl dragon scales "Cuviuh" (worn) {rPois rC+ rN+}
   (Okawaru gifted it to you on level 2 of the Orcish Mines)

   rC:        It protects you from cold.
   rPois:     It protects you from poison.
   rN:        It protects you from negative energy.
Jewellery
 i - a ring of fire
 p - a +6 ring of dexterity (left hand)
 w - a +6 ring of intelligence
 B - a +6 ring of dexterity (right hand)
 E - an amulet of faith (around neck)
 F - a ring of resist corrosion
 H - a ring of wizardry
 O - a +6 ring of strength
Wands
 g - a wand of paralysis (2)
 l - a wand of iceblast (11)
 o - a wand of light (18)
 y - a wand of flame (42)
Scrolls
 a - 2 scrolls of teleportation
 b - 3 scrolls of enchant weapon
 e - 3 scrolls of blinking
 h - a scroll of vulnerability
 j - a scroll of silence {unknown}
 q - 2 scrolls of magic mapping
 r - 2 scrolls of fog
 t - 3 scrolls of immolation
 u - 3 scrolls of amnesia
 z - a scroll of torment {unknown}
 L - 4 scrolls of fear
 P - a scroll of identify
Potions
 d - 4 potions of might
 f - 2 potions of mutation
 m - 2 potions of flight
 n - 2 potions of curing
 s - a potion of heal wounds {unknown}
 I - a potion of brilliance
 J - a potion of magic {unknown}
 M - 2 potions of haste
 N - 2 potions of ambrosia
 Q - a potion of cancellation
 S - 2 potions of lignification {unknown}
 T - a potion of berserk rage {unknown}
 V - a potion of resistance {unknown}


   Skills:
 + Level 11.0(16.0) Fighting
 + Level 11.6(16.6) Axes
 + Level 11.9(16.9) Armour
 + Level 10.7(15.7) Dodging
 + Level 12.0(17.0) Shields
 + Level 9.1 Invocations


You had 12 spell levels left.
You didn't know any spells.
Your spell library contained the following spells:

 Spells                   Type           Power      Damage    Failure   Level
 Gell's Gravitas          Tloc           0%         N/A       92%         3
 Stone Arrow              Conj/Erth      0%         3d7       92%         3
 Teleport Other           Tloc           0%         N/A       92%         3
 Anguish                  Hex/Necr       0%         N/A       100%        4
 Iskenderun's Battlesphe  Conj           0%         2d6       100%        5
 Dispersal                Tloc           0%         N/A       100%        6
 Iron Shot                Conj/Erth      0%         9d1       100%        6
 Enfeeble                 Hex            0%         N/A       100%        7
 Lehudib's Crystal Spear  Conj/Erth      0%         10d2      100%        8
 Animate Armour           Summ/Erth      Unusable   N/A       N/A         4
 Spellforged Servitor     Conj/Summ      Unusable   N/A       N/A         7

Dungeon Overview and Level Annotations

Branches:
Dungeon (10/15) Zot: 3     Temple (1/1) D:6 Zot: 535     Orc (2/2) D:9 Zot: 94
    Elf (0/3) Orc:2
   Lair: D:8-11

Altars:
Ashenzari
Cheibriados
Dithmenos
Elyvilon
Fedhas
Gozag
Hepliaklqana
Kikubaaqudgha
Makhleb
Nemelex Xobeh
Okawaru
Qazlal
Ru
Sif Muna
Trog
Uskayaw
Vehumet
Wu Jian
Xom
Yredelemnul
Zin
The Shining One

Shops:
D:2 *   D:4 :   D:9 [   Orc:2 ((!?=

Annotations:
D:8 1 runed translucent door


Innate Abilities, Weirdness & Mutations

You passively map the area around you.
You are easily found by Zot.
You glow in the dark.
You regain HP and MP as you explore.


Message History

* * * LOW HITPOINT WARNING * * *
The 20-headed hydra bites you but does no damage.
The 20-headed hydra misses you. x2
The 20-headed hydra bites you but does no damage.
The 20-headed hydra misses you.
The 20-headed hydra bites you but does no damage.
The 20-headed hydra closely misses you. The boulder beetle closely misses you.
You catch the helpless 20-headed hydra completely off-guard!
You slice one of the 20-headed hydra's heads off!
You hit the 19-headed hydra.
The 19-headed hydra is almost dead.
You slash the boulder beetle!
You kill the boulder beetle!
Okawaru is honoured by your kill. Okawaru grants you a weapon!
Something appears at your feet!
You see here a +4 scimitar of holy wrath.
Unknown command.
Unknown command.
Unknown command.
You feel better. You block the 19-headed hydra's attack.
The 19-headed hydra bites you but does no damage. x2
You block the 19-headed hydra's attack.
The 19-headed hydra bites you but does no damage.
The 19-headed hydra misses you. The 19-headed hydra closely misses you.
The 19-headed hydra barely misses you. You block the 19-headed hydra's attack.
The 19-headed hydra closely misses you.
The 19-headed hydra completely misses you.
The 19-headed hydra bites you but does no damage.
The 19-headed hydra bites you.
* * * LOW HITPOINT WARNING * * *
The 19-headed hydra bites you!
* * * LOW HITPOINT WARNING * * *
The 19-headed hydra completely misses you.
The 19-headed hydra misses you.
The 19-headed hydra closely misses you. x2
The 19-headed hydra barely misses you. The acid dragon spits acid at you.
The splash of acid misses the 19-headed hydra.
The splash of acid hits you!!
You die...

♣♣♣.....♣♣♣♣♣#.....#
*, ##♣.♣## ####### *
♣♣♣♣.♣♣♣♣♣♣♣#.. .#**
*
............♣#.♣♣♣.#
*
♣♣♣♣♣♣♣♣♣♣♣.♣#...).#
* * , ♣.♣#.##)## , *
*,♣.♣#)#)†# * *
♣.♣#.#†.#* * , **
♣.♣#.#@## , ♣....#D#
* , ♣.♣###D# * * ,
*,♣.♣ .{# * * ♣.♣
*..# , , ♣.♣ #+##,
** * ♣. *,, ,, * , *
* * * * * *


You could see a 19-headed hydra (blind) and an acid dragon (blind, catching
breath).

Vanquished Creatures
  Josephine (Orc:2)
  A yaktaur captain (D:10)
  2 ogre magi (Orc:2)
  A boulder beetle (D:10)
  8 two-headed ogres (Orc:2)
  2 deep trolls (Orc:2)
  Pikel (D:8)
  A deep elf pyromancer (D:10)
  An orc sorcerer (Orc:2)
  2 orc knights
  3 cyclopes (Orc:2)
  Maurice (Orc:2)
  An unseen horror (D:10)
  Maggie (D:6)
  11 trolls
  2 shadows (D:8)
  Sigmund (D:5)
  9 wraiths
  12 yaks
  2 wyverns
  A fire bat (D:8)
  A vampire mosquito (D:10)
  A steam dragon (D:6)
  4 wargs
  Duvessa (D:5)
  2 sky beasts (D:8)
  3 ice beasts
  A black bear (D:8)
  7 orc warriors
  19 ogres
  A centaur (D:5)
  A lemure (D:8)
  Blork the orc (D:5)
  2 kobold brigands
  4 bullfrogs
  A gnoll sergeant (D:9)
  A necrophage (D:4)
  3 scorpions
  Dowan (D:5)
  13 killer bees
  4 howler monkeys
  An electric eel (D:9)
  3 jellies
  8 orc priests
  7 hounds
  2 gnoll shamans
  2 iguanas
  11 orc wizards
  Robin (D:4)
  19 gnolls
  4 adders
  A shadow imp (D:6)
  2 dart slugs
  31 orcs
  8 ball pythons
  3 endoplasms
  3 giant cockroaches (D:2)
  17 goblins
  14 hobgoblins
  12 jackals
  4 quokkas
  15 bats
  A frilled lizard (D:1)
  35 kobolds
  8 rats
347 creatures vanquished.

Vanquished Creatures (others)
  21 plants
21 creatures vanquished.

Grand Total: 368 creatures vanquished

Notes
Turn   | Place    | Note
-------+----------+-------------------------------------------
     0 | D:1      | Querens the Meteoran Fighter began the quest for the Orb.
     0 | D:1      | Reached XP level 1. HP: 19/19 MP: 2/2
    91 | D:1      | Reached XP level 2. HP: 26/26 MP: 3/3
   245 | D:1      | Reached XP level 3. HP: 30/31 MP: 4/4
   396 | D:1      | Reached skill level 4 in Shields
   406 | D:1      | Found a faded altar of an unknown god.
   555 | D:2      | Reached XP level 4. HP: 39/40 MP: 5/5
   773 | D:2      | Found Kocratu's Assorted Antiques.
  1047 | D:3      | Reached XP level 5. HP: 46/46 MP: 6/6
  1228 | D:3      | Reached XP level 6. HP: 7/53 MP: 7/7
  1423 | D:4      | Found Fudgh's Book Boutique.
  1448 | D:4      | Reached skill level 5 in Armour
  1448 | D:4      | Reached skill level 5 in Shields
  1473 | D:4      | You fall into a shaft and drop 1 floor!
  1473 | D:5      | Entered Level 5 of the Dungeon
  1518 | D:4      | Found a snail-covered altar of Cheibriados.
  1701 | D:4      | Identified the +0 leather armour "Musuwno" {rElec Int+4
                  | Slay+5 SInv}
  1829 | D:4      | Noticed Robin
  1836 | D:4      | Reached XP level 7. HP: 48/60 MP: 8/8
  1844 | D:4      | Killed Robin
  2013 | D:2      | Bought a fine war axe for 212 gold pieces
  2013 | D:2      | Identified the +3 war axe "Foduqumm" {speed, *Rage rC+
                  | Str+2 Int+3} (You bought it in a shop on level 2 of the
                  | Dungeon)
  2138 | D:5      | Reached skill level 5 in Fighting
  2140 | D:5      | Noticed Sigmund
  2148 | D:5      | Reached skill level 1 in Dodging
  2155 | D:5      | Killed Sigmund
  2156 | D:5      | Reached skill level 5 in Axes
  2194 | D:5      | Reached XP level 8. HP: 68/68 MP: 9/9
  2208 | D:5      | Reached skill level 6 in Shields
  2511 | D:5      | Noticed Duvessa
  2514 | D:5      | Noticed Dowan
  2529 | D:5      | Killed Dowan
  2531 | D:5      | Killed Duvessa
  2532 | D:5      | Found a glowing golden altar of the Shining One.
  2540 | D:5      | Noticed Blork the orc
  2552 | D:5      | Killed Blork the orc
  2641 | D:5      | Found an ornate altar of the Wu Jian Council.
  2734 | D:6      | Noticed Maggie
  2750 | D:6      | Killed Maggie
  2751 | D:6      | Gained mutation: You passively map the area around you.
                  | [Meteoran growth]
  2751 | D:6      | Reached XP level 9. HP: 55/75 MP: 10/10
  3093 | D:6      | Reached skill level 7 in Shields
  3296 | D:6      | Found a staircase to the Ecumenical Temple.
  3313 | Temple   | Entered the Ecumenical Temple
  3334 | Temple   | Became a worshipper of Warmaster Okawaru
  3403 | D:6      | Found a hide-covered altar of Uskayaw.
  3406 | D:6      | Found a shimmering blue altar of Sif Muna.
  3410 | D:6      | Glimpsed the power of Zot.
  3452 | D:7      | Reached skill level 5 in Dodging
  4003 | D:7      | Glimpsed the power of Zot.
  4053 | D:7      | Glimpsed the power of Zot.
  4073 | D:7      | Reached * piety under Okawaru
  4085 | D:7      | Glimpsed the power of Zot.
  4091 | D:7      | Glimpsed the power of Zot.
  4092 | D:7      | Touched by the power of Zot.
  4193 | D:7      | Glimpsed the power of Zot.
  4214 | D:7      | Reached XP level 10. HP: 64/64 MP: 11/11
  4239 | D:7      | Glimpsed the power of Zot.
  4276 | D:7      | Glimpsed the power of Zot.
  4362 | D:8      | Reached skill level 8 in Shields
  4520 | D:8      | Reached ** piety under Okawaru
  4529 | D:8      | Found a shadowy altar of Dithmenos.
  4545 | D:8      | Found a runed translucent door.
  4554 | D:8      | Found a sparkling altar of Nemelex Xobeh.
  4561 | D:8      | Noticed a flayed ghost
  4568 | D:8      | Found an ornate altar of the Wu Jian Council.
  4573 | D:8      | Found a stormy altar of Qazlal.
  4614 | D:8      | Reached skill level 1 in Invocations
  4622 | D:8      | Found a blossoming altar of Fedhas.
  4647 | D:8      | Found a stormy altar of Qazlal.
  4739 | D:8      | Noticed Pikel
  4742 | D:8      | Glimpsed the power of Zot.
  4750 | D:8      | Killed Pikel
  4750 | D:8      | Reached *** piety under Okawaru
  4751 | D:8      | Reached skill level 9 in Shields
  4751 | D:8      | Reached XP level 11. HP: 82/94 MP: 11/13
  4784 | D:8      | Glimpsed the power of Zot.
  4816 | D:8      | Found a radiant altar of Vehumet.
  4824 | D:8      | Glimpsed the power of Zot.
  4833 | D:8      | Glimpsed the power of Zot.
  4834 | D:8      | Touched by the power of Zot.
  4928 | D:8      | Found a burning altar of Makhleb.
  4935 | D:8      | Glimpsed the power of Zot.
  4985 | D:8      | Glimpsed the power of Zot.
  5236 | D:9      | Reached **** piety under Okawaru
  5399 | D:9      | Found a staircase to the Orcish Mines.
  5484 | D:9      | Found Yvvutadewi's Armour Emporium.
  5519 | D:9      | Glimpsed the power of Zot.
  5536 | D:9      | Found a shimmering altar of Xom.
  5563 | D:9      | Glimpsed the power of Zot.
  5586 | D:10     | Entered Level 10 of the Dungeon
  5594 | D:10     | Reached ***** piety under Okawaru
  5623 | Orc:1    | Entered Level 1 of the Orcish Mines
  5664 | Orc:1    | Noticed an orc knight
  5705 | Orc:1    | Killed an orc knight
  5901 | Orc:2    | Entered Level 2 of the Orcish Mines
  5918 | Orc:2    | Noticed a cyclops
  5919 | Orc:2    | Noticed Josephine
  5929 | Orc:2    | Killed a cyclops
  5930 | Orc:2    | Reached skill level 10 in Armour
  5930 | Orc:2    | Reached skill level 10 in Shields
  5930 | Orc:2    | Reached skill level 5 in Invocations
  5937 | Orc:2    | Identified the +1 pearl dragon scales "Cuviuh" {rPois rC+
                  | rN+} (Okawaru gifted it to you on level 2 of the Orcish
                  | Mines)
  5937 | Orc:2    | Received a gift from Okawaru
  5938 | Orc:2    | Reached XP level 12. HP: 104/104 MP: 11/16
  5938 | Orc:2    | Killed Josephine
  6205 | Orc:2    | Noticed a two-headed ogre
  6218 | Orc:2    | Reached skill level 10 in Axes
  6218 | Orc:2    | Found Borobb's Antique Weapon Shoppe.
  6219 | Orc:2    | Noticed a deep troll
  6225 | Orc:2    | Killed a two-headed ogre
  6229 | Orc:2    | Found Qeeluego's Distillery.
  6234 | Orc:2    | Noticed a two-headed ogre
  6237 | Orc:2    | Killed a deep troll
  6260 | Orc:2    | Killed a two-headed ogre
  6261 | Orc:2    | Noticed a two-headed ogre
  6267 | Orc:2    | Killed a two-headed ogre
  6268 | Orc:2    | Reached skill level 10 in Fighting
  6268 | Orc:2    | Noticed a deep troll
  6272 | Orc:2    | Received a gift from Okawaru
  6273 | Orc:2    | Noticed a two-headed ogre
  6273 | Orc:2    | Noticed an ogre mage
  6281 | Orc:2    | Noticed an ogre mage
  6282 | Orc:2    | Killed a deep troll
  6283 | Orc:2    | Noticed a two-headed ogre
  6284 | Orc:2    | Noticed a two-headed ogre
  6291 | Orc:2    | Killed a two-headed ogre
  6292 | Orc:2    | Reached skill level 11 in Shields
  6292 | Orc:2    | Reached XP level 13. HP: 74/113 MP: 12/19
  6300 | Orc:2    | Killed an ogre mage
  6310 | Orc:2    | Killed an ogre mage
  6310 | Orc:2    | Identified the -2 pair of boots of Okawaru's Favour {Fly
                  | Str-4 SInv} (Okawaru gifted it to you on level 2 of the
                  | Orcish Mines)
  6310 | Orc:2    | Received a gift from Okawaru
  6313 | Orc:2    | Killed a two-headed ogre
  6317 | Orc:2    | Reached skill level 10 in Dodging
  6321 | Orc:2    | Killed a two-headed ogre
  6321 | Orc:2    | Reached ****** piety under Okawaru
  6334 | Orc:2    | Found Udiffast's Magic Scroll Boutique.
  6339 | Orc:2    | Found Xolyoph's Jewellery Shoppe.
  6391 | Orc:2    | Found Huhaiti's Firing Range.
  6391 | Orc:2    | Noticed Maurice
  6409 | Orc:2    | Killed Maurice
  6416 | Orc:2    | Noticed a two-headed ogre
  6425 | Orc:2    | Killed a two-headed ogre
  6468 | Orc:2    | Bought a scroll of noise for 11 gold pieces
  6468 | Orc:2    | Bought a scroll of teleportation for 33 gold pieces
  6490 | Orc:2    | Bought a potion of mutation for 128 gold pieces
  6490 | Orc:2    | Bought a potion of haste for 160 gold pieces
  6490 | Orc:2    | Bought a potion of brilliance for 64 gold pieces
  6490 | Orc:2    | Bought a potion of curing for 48 gold pieces
  6490 | Orc:2    | Bought a potion of cancellation for 128 gold pieces
  6490 | Orc:2    | Bought a potion of might for 64 gold pieces
  6490 | Orc:2    | Bought a potion of might for 64 gold pieces
  6496 | Orc:2    | Bought a scroll of identify for 22 gold pieces
  6496 | Orc:2    | Bought a scroll of identify for 22 gold pieces
  6496 | Orc:2    | Bought a scroll of enchant weapon for 82 gold pieces
  6496 | Orc:2    | Bought 2 scrolls of identify for 44 gold pieces
  6496 | Orc:2    | Bought a scroll of identify for 22 gold pieces
  6496 | Orc:2    | Bought a scroll of amnesia for 38 gold pieces
  6514 | Orc:2    | Noticed a two-headed ogre
  6524 | Orc:2    | Killed a two-headed ogre
  6578 | Orc:2    | Found a staircase to the Elven Halls.
  6707 | Orc:2    | Bought a scroll of brand weapon for 220 gold pieces
  6777 | Orc:1    | Glimpsed the power of Zot.
  6967 | D:10     | Identified the +0 chain mail of Polish {rC+ Will+}
  6995 | D:10     | Found a white marble altar of Elyvilon.
  7107 | D:10     | Found a shadowy altar of Dithmenos.
  7202 | D:10     | Glimpsed the power of Zot.
  7241 | D:10     | Glimpsed the power of Zot.
  7262 | D:10     | Noticed a yaktaur captain
  7269 | D:10     | Killed a yaktaur captain
  7280 | D:10     | Reached skill level 12 in Shields
  7283 | D:10     | Noticed a boulder beetle
  7283 | D:10     | Noticed a five-headed hydra
  7301 | D:10     | Glimpsed the power of Zot.
  7312 | D:10     | Killed a boulder beetle
  7312 | D:10     | Received a gift from Okawaru
  7313 | D:10     | Killed from afar by an acid dragon

Illustrated notes

Levels and vault maps discovered:
D:1:      psy_arrival_terrarium, layout_loops_ring,
          shapermc_ecumenical_altar_pompeii
D:2:      layout_basic, serial_shops, nicolae_square_shop, lemuel_old_faithful
D:3:      layout_rooms, kennysheep_doodads, grunt_ministairs_7,
          cheibrodos_gnoll_hut
D:4:      kennysheep_goblin_castle, layout_basic, cheibriados_altar_1,
          serial_shops, shop
D:5:      kennysheep_kobold_camp, layout_basic, mainiacjoe_overflow_chevrons,
          nicolae_wu_jian_immortal_techniques, grunt_decor_mini_mirrors,
          minmay_quadrilaterals, uniq_duvessa, uniq_blork_the_orc, uniq_sigmund
D:6:      nicolae_cairo_tiling_large_dashed, layout_gridville,
          nicolae_overflow_squiral, uniq_maggie
D:7:      layout_gridville
D:8:      due_megacathedral, layout_basic, kennysheep_little_box,
          vehumet_crystals, minivault_24, uniq_pikel
D:9:      layout_loops_ring, tgw_xom, orc_0_dummy, serial_shops,
          nicolae_shop_temple_entry_statues_fountains, chequers_arboretum,
          serial_bayou_lagoon_a
D:10:     nzn_winding_woodlands_large [nzn_winding_woodlands_5x5_cross,
          nzn_winding_woodlands_5x15_sawtooth,
          nzn_winding_woodlands_5x5_perimeter,
          nzn_winding_woodlands_center_lodge,
          nzn_winding_woodlands_15x15_boxy_spiral,
          nzn_winding_woodlands_center_triple_pond,
          nzn_winding_woodlands_5x5_three, nzn_winding_woodlands_5x15_cabin,
          nzn_winding_woodlands_hourglass], layout_loops_corners,
          nicolae_dithmenos_through_a_glass_darkly,
          nicolae_elyvilon_peaceful_grove
Temple:   nicolae_temple_hex_pool
Orc:1:    layout_diamond_mine
Orc:2:    st_orc_open, layout_diamond_mine, nicolae_shop_firing_range,
          uniq_maurice, uniq_josephine

Skill      XL: |  1  2  3  4  5  6  7  8  9 10 11 12 13 |
---------------+----------------------------------------+-----
Armour         | 4 5 6 7 8 10 11 | 11.9
Shields        | 4 5 6 7 9 10 11 12 | 12.0
Axes           | 3 4 5 6 7 8 9 10 11 | 11.6
Fighting       | 4 5 6 7 8 9 10 11 | 11.0
Dodging        | 2 4 5 7 8 9 10 | 10.7
Invocations    | 2 5 7 9 |  9.1

Action                   |  1- 3 |  4- 6 |  7- 9 | 10-12 | 13-15 || total
-------------------------+-------+-------+-------+-------+-------++-------
Melee: War axe           |    51 |   130 |   220 |   393 |   155 ||   949
Invok: Heroism           |       |       |       |     5 |     3 ||     8
       Finesse           |       |       |       |     4 |     1 ||     5
Evoke: Wand              |       |       |     3 |     1 |     2 ||     6
  Use: Scroll            |       |       |       |     7 |     7 ||    14
       Potion            |       |       |       |     1 |     1 ||     2
 Stab: Invisible         |       |       |       |       |     5 ||     5
Armor: Scale mail        |    41 |    69 |       |       |       ||   110
       Chain mail        |       |    19 |   102 |     1 |       ||   122
       Plate armour      |       |       |       |   119 |       ||   119
       Pearl dragon scal |       |       |       |    15 |    49 ||    64
Dodge: Dodged            |    33 |    74 |    60 |   151 |   140 ||   458
Block: Buckler           |    19 |    57 |    78 |   131 |    54 ||   339

Table legend: (Time is in decaauts)
 A = Elapsed time spent in this place.
 B = Non-inter-level travel time spent in this place.
 C = Inter-level travel time spent in this place.
 D = Time resting spent in this place.
 E = Time spent auto-exploring this place.
 F = Levels seen in this place.
 G = Mean time per level.
                   A        B        C        D        E       F      G
               +--------+--------+--------+--------+--------+-----+--------+
         Total |   7566 |   6675 |    891 |     19 |     15 |  13 |  582.0 |
       Dungeon |   6396 |   5719 |    677 |     19 |     15 |  10 |  639.6 |
        Temple |     64 |     59 |      5 |      0 |      0 |   1 |   64.0 |
  Orcish Mines |   1105 |    897 |    208 |      0 |      0 |   2 |  552.5 |
               +--------+--------+--------+--------+--------+-----+--------+

Top non-repeatable levels by time:
     D:7: 856 daAuts
     D:9: 818 daAuts
     D:8: 790 daAuts
   Orc:2: 725 daAuts
     D:6: 710 daAuts
     D:5: 656 daAuts
     D:4: 655 daAuts
     D:3: 557 daAuts
     D:2: 482 daAuts
     D:1: 473 daAuts
    D:10: 394 daAuts
   Orc:1: 380 daAuts
  Temple: 64 daAuts
